Kradschützen Motorcycle Team
Kradschützen Motorcycle Team
Selects Armored Support Battlegroup
Construct Light Support Kompanie
Selects Superior Fire Drills
Panzerjäger Mechanized Group
Construct Mechanized Kompanie
Construct Panzerarmee Kommand
Selects Flammpanzer III Medium Tank
Selects Command Panzer IV F Medium Tank
Command Panzer IV F Medium Tank
Pak 38 Anti-tank Gun Team
Selects Stuka Anti-tank Loiter
Walking Stuka Rocket Launcher